 Dungeon Sprint DCSS version 0.18.1-6-gd335043 (webtiles) character file.

21751 Kidiri the Warrior (level 12, -5/127 HPs)
             Began as a Minotaur Monk on May 15, 2016.
             Was the Champion of Qazlal.
             Slain by Polyphemus (39 damage)
             ... in the Dungeon (Sprint VII: "The Pits").
             The game lasted 00:15:32 (3005 turns).

Kidiri the Warrior (Minotaur Monk)                  Turns: 3005, Time: 00:15:33

Health: -5/127     AC:  7    Str: 20    XL:     12   Next: 56%
Magic:  9/19       EV: 37    Int:  7    God:    Qazlal [******]
Gold:   55         SH:  8    Dex: 22    Spells: 0 memorised, 11 levels left

rFire  . . .     SeeInvis .       - Unarmed
rCold  . . .     Gourm    .     t - +2 robe {Archmagi}
rNeg   . . .     Faith    .     (no shield)
rPois  .         Spirit   .     (helmet unavailable)
rElec  +         Dismiss  .     (no cloak)
rCorr  .         Reflect  .     (no gloves)
SustAt .         Harm     .     (no boots)
MR     .....     NoTele   +     (no amulet)
Stlth  +.........               o - +3 ring of strength
                                a - +3 ring of evasion

@: agile, exhausted, protected from electricity, slowed, repel missiles, very
slow, not resistant to hostile enchantments, very unstealthy
A: retaliatory headbutt, horns 3, thin metallic scales 1, deterioration 1, low
mp 1
a: Upheaval, Elemental Force, Disaster Area, Renounce Religion


You were in the Dungeon.
You worshipped Qazlal.
Qazlal was exalted by your worship.
You were very hungry.

You visited 1 branch You collected 55 gold pieces.

Inventory:

Armour
 p - a +0 leather armour
 t - a +2 robe of the Archmagi (worn)
Jewellery
 a - a +3 ring of evasion (left hand)
 o - a +3 ring of strength (right hand)
 A - an uncursed ring of poison resistance
 B - an uncursed ring of positive energy
Wands
 r - a wand of flame (7/48)
Scrolls
 h - 4 scrolls of blinking
 l - 4 scrolls of remove curse
 m - 5 scrolls of amnesia
 n - a scroll of summoning
 v - 2 scrolls of fear
 x - 2 scrolls of enchant weapon
 y - 2 scrolls of enchant armour
 z - a scroll of fog
 C - a scroll of recharging
Potions
 c - 9 potions of curing
 d - 6 potions of heal wounds
 e - 2 potions of haste
 f - 4 potions of magic
 g - 4 potions of berserk rage
 k - 2 potions of invisibility
 s - 2 potions of resistance
 E - 2 potions of brilliance
 F - 2 potions of might
Comestibles
 b - 8 bread rations
 i - 42 fruits
 j - 7 meat rations
 q - 7 chunks of flesh


   Skills:
 * Level 18.1 Fighting
 + Level 13.1 Armour
 * Level 16.6 Dodging
 - Level 1.5 Stealth
 * Level 16.9 Unarmed Combat
 * Level 15.0 Invocations


You had 11 spell levels left.
You didn't know any spells.

Dungeon Overview and Level Annotations

Branches:
Dungeon (1/1)

Altars:
Ashenzari
Cheibriados
Dithmenos
Elyvilon
Fedhas
Gozag
Kikubaaqudgha
Makhleb
Nemelex Xobeh
Okawaru
Pakellas
Qazlal
Ru
Sif Muna
Trog
Vehumet
Xom
Yredelemnul
Zin
The Shining One
Beogh
Jiyva
Lugonu

Annotations:
D Polyphemus


Innate Abilities, Weirdness & Mutations

You reflexively headbutt those who attack you in melee.
You have a pair of large horns on your head.
You are partially covered in thin metallic scales (AC +2).
Your body sometimes deteriorates upon taking damage.
Your magical capacity is low (-10% MP).


Message History

You feel much better.
The centaur warrior shouts!
You hear a shout!
You block Polyphemus's attack. Polyphemus completely misses you.
The orange demon barely misses you. You furiously retaliate!
You headbutt the orange demon. The orange demon closely misses you.
Polyphemus hits you!! You block Polyphemus's attack.
The orange demon completely misses you. x2
Drink which item? (? for menu, Esc to quit)
You feel agile all of a sudden. Polyphemus hits you!!!
* * * LOW HITPOINT WARNING * * *
Polyphemus completely misses you. You block the orange demon's attack.
The orange demon closely misses you.
You hear a shout!
Unknown command.
Drink which item? (? for menu, Esc to quit)
You feel much better. You block Polyphemus's attack. Polyphemus misses you.
The orange demon misses you. The orange demon completely misses you.
Polyphemus hits you!!!
You die...

####################
#...§...............
#...................
#..################. #§.##s# #.
#§.#C# #§ #.§@#)# #. #..#4#o# #.
#§§##c#.# #.
#..################.
#############...............§...
#__________##................§..
#__________###########++########
#_#####+##############++########
#_#)))+.+..##................##.


You could see Polyphemus, a centaur warrior, an orange demon and a redback.

Vanquished Creatures
  A deep elf blademaster (D)
  A draconian monk (D)
  An orc warlord (D)
  An emperor scorpion (D)
  A black draconian (D)
  A naga warrior (D)
  Erica (D)
  An anaconda (D)
  A death yak (D)
  Nergalle (D)
  A sea snake (D)
  A flayed ghost (D)
  A naga ritualist (D)
  A hill giant (D)
  An orc knight (D)
  A griffon (D)
  A deep elf mage (D)
  A hornet (shapeshifter) (D)
  An orc sorcerer (D)
  3 manticores (D)
  A guardian serpent (D)
  An elephant (D)
  Psyche (D)
  2 spiny frogs (D)
  A smoke demon (D)
  An ice devil (D)
  2 rime drakes (D)
  A wind drake (D)
  A polar bear (D)
  A boulder beetle (D)
  A bog body (D)
  Prince Ribbit (D)
  A snapping turtle (D)
  A flying skull (D)
  A shadow (D)
  A redback (D)
  8 yaks (D)
  2 steam dragons (D)
  A naga (D)
  A soldier ant (D)
  A water moccasin (D)
  An orc warrior (D)
  Duvessa (D)
  An ice beast (D)
  A sky beast (D)
  A black bear (D)
  An eye of draining (D)
  A crocodile (D)
  2 giant frogs (D)
  A gnoll sergeant (D)
  Dowan (D)
  3 quasits (D)
  2 orc priests (D)
  A gnoll shaman (D)
  An iguana (D)
  2 orc wizards (D)
  3 worker ants (D)
  A hell rat (D)
  9 gnolls (D)
  A river rat (D)
  2 white imps (D)
  An ufetubus (D)
  2 worms (D)
  3 giant geckos (D)
  3 orcs (D)
  A ball python (D)
  A bat zombie (D)
  A giant cockroach (D)
  A kobold (D)
  A quokka (D)
103 creatures vanquished.

Notes
Turn   | Place    | Note
--------------------------------------------------------------
     0 | D        | Kidiri the Minotaur Monk began the quest for the Orb.
     0 | D        | Reached XP level 1. HP: 19/19 MP: 0/0
    14 | D        | Reached skill level 4 in Fighting
    14 | D        | Reached skill level 1 in Armour
    45 | D        | Found a sacrificial altar of Ru.
    45 | D        | Found a basalt altar of Yredelemnul.
    45 | D        | Found a shadowy altar of Dithmenos.
    45 | D        | Found a deep blue altar of Sif Muna.
    45 | D        | Found a burning altar of Makhleb.
    45 | D        | Found a shimmering altar of Xom.
    45 | D        | Found an ancient bone altar of Kikubaaqudgha.
    45 | D        | Found a sparkling altar of Nemelex Xobeh.
    46 | D        | Found a glowing golden altar of the Shining One.
    46 | D        | Found a bloodstained altar of Trog.
    46 | D        | Found a shattered altar of Ashenzari.
    46 | D        | Found a white marble altar of Elyvilon.
    46 | D        | Found a snail-covered altar of Cheibriados.
    46 | D        | Found a blossoming altar of Fedhas.
    46 | D        | Found a radiant altar of Vehumet.
    46 | D        | Found a glowing silver altar of Zin.
    46 | D        | Found a corrupted altar of Lugonu.
    46 | D        | Found a viscous altar of Jiyva.
    46 | D        | Found a roughly hewn altar of Beogh.
    46 | D        | Found an iron altar of Okawaru.
    47 | D        | Found an oddly glowing altar of Pakellas.
    52 | D        | Found a stormy altar of Qazlal.
    52 | D        | Found an opulent altar of Gozag.
    55 | D        | Became a worshipper of Qazlal Stormbringer
    55 | D        | Reached * piety under Qazlal
    55 | D        | Reached ** piety under Qazlal
    78 | D        | Reached skill level 5 in Unarmed Combat
    85 | D        | Reached XP level 2. HP: 15/28 MP: 1/1
   347 | D        | Reached *** piety under Qazlal
   364 | D        | Reached skill level 5 in Fighting
   364 | D        | Reached XP level 3. HP: 9/36 MP: 2/2
   370 | D        | Reached **** piety under Qazlal
   593 | D        | Noticed a sky beast
   593 | D        | Noticed a flying skull
   593 | D        | Noticed Duvessa
   594 | D        | Noticed Dowan
   602 | D        | Killed a flying skull
   602 | D        | Reached skill level 7 in Fighting
   602 | D        | Reached XP level 4. HP: 36/47 MP: 2/6
   602 | D        | Reached XP level 5. HP: 40/52 MP: 2/7
   606 | D        | Noticed Prince Ribbit
   606 | D        | Killed a sky beast
   606 | D        | Reached skill level 8 in Fighting
   606 | D        | Reached skill level 5 in Armour
   606 | D        | Reached skill level 5 in Invocations
   606 | D        | Reached XP level 6. HP: 38/61 MP: 2/8
   613 | D        | Killed Prince Ribbit
   613 | D        | Reached skill level 9 in Fighting
   617 | D        | Killed Duvessa
   617 | D        | Reached ***** piety under Qazlal
   617 | D        | Reached XP level 7. HP: 27/70 MP: 2/10
   636 | D        | Killed Dowan
   762 | D        | Reached skill level 10 in Fighting
   995 | D        | Noticed an elephant
   995 | D        | Noticed a shadow
   997 | D        | Killed a shadow
   997 | D        | Reached skill level 10 in Unarmed Combat
  1000 | D        | Killed an elephant
  1000 | D        | Reached skill level 11 in Fighting
  1000 | D        | Reached skill level 10 in Dodging
  1000 | D        | Reached XP level 8. HP: 80/82 MP: 3/13
  1114 | D        | Noticed an ice devil
  1127 | D        | Killed an ice devil
  1238 | D        | Noticed a griffon
  1238 | D        | Noticed Erica
  1238 | D        | Noticed a rime drake
  1238 | D        | Noticed a spiny frog
  1239 | D        | Killed a rime drake
  1239 | D        | Reached ****** piety under Qazlal
  1242 | D        | Killed Erica
  1242 | D        | Reached skill level 12 in Fighting
  1242 | D        | Reached XP level 9. HP: 92/92 MP: 2/15
  1244 | D        | Killed a griffon
  1244 | D        | Reached skill level 10 in Invocations
  1248 | D        | Killed a spiny frog
  1248 | D        | Reached skill level 13 in Fighting
  1352 | D        | Noticed a smoke demon
  1355 | D        | Killed a smoke demon
  1355 | D        | Reached XP level 10. HP: 97/101 MP: 0/17
  1364 | D        | Noticed an orc sorcerer
  1374 | D        | Noticed a manticore
  1379 | D        | Killed a manticore
  1390 | D        | Killed an orc sorcerer
  1403 | D        | Reached skill level 14 in Fighting
  1403 | D        | Reached skill level 10 in Armour
  1618 | D        | Noticed a manticore
  1627 | D        | Killed a manticore
  1737 | D        | Noticed a hill giant
  1737 | D        | Noticed Psyche
  1738 | D        | Noticed a sea snake
  1739 | D        | Killed a hill giant
  1739 | D        | Killed a sea snake
  1740 | D        | Noticed a black draconian
  1742 | D        | Killed Psyche
  1742 | D        | Reached skill level 15 in Fighting
  1756 | D        | Killed a black draconian
  1756 | D        | Reached XP level 11. HP: 98/113 MP: 0/19
  2006 | D        | Noticed a red draconian monk
  2025 | D        | HP: 5/114 [red draconian monk (5)]
  2029 | D        | Killed a red draconian monk
  2029 | D        | Reached skill level 16 in Fighting
  2029 | D        | Reached skill level 15 in Unarmed Combat
  2291 | D        | Noticed an emperor scorpion
  2305 | D        | Killed an emperor scorpion
  2305 | D        | Reached skill level 15 in Dodging
  2613 | D        | Gained mutation: Your body sometimes deteriorates upon taking damage. [mutagenic meat]
  2614 | D        | Gained mutation: You are partially covered in thin metallic scales (AC +2). [mutagenic meat]
  2615 | D        | Gained mutation: You have a pair of large horns on your head. [mutagenic meat]
  2616 | D        | Gained mutation: Your magical capacity is low (-10% MP). [mutagenic meat]
  2761 | D        | Noticed a naga warrior
  2761 | D        | Noticed a naga ritualist
  2761 | D        | Noticed a deep elf mage
  2763 | D        | Killed a deep elf mage
  2772 | D        | Killed a naga warrior
  2777 | D        | Killed a naga ritualist
  2777 | D        | Reached skill level 17 in Fighting
  2951 | D        | Reached XP level 12. HP: 125/125 MP: 19/19
  2952 | D        | Noticed a death yak
  2956 | D        | Noticed a deep elf blademaster
  2961 | D        | Noticed an anaconda
  2970 | D        | Killed a deep elf blademaster
  2977 | D        | Killed a death yak
  2978 | D        | Noticed Nergalle
  2979 | D        | Killed Nergalle
  2983 | D        | Killed an anaconda
  2985 | D        | Noticed an orc warlord
  3000 | D        | Killed an orc warlord
  3000 | D        | Reached skill level 18 in Fighting
  3001 | D        | Noticed Polyphemus
  3002 | D        | Reached skill level 15 in Invocations
  3003 | D        | Noticed a centaur warrior
  3005 | D        | Slain by Polyphemus

Skill      XL: |  1  2  3  4  5  6  7  8  9 10 11 12 |
---------------+-------------------------------------+-----
Fighting       | 4 5 7 8 9 11 12 13 15 17 18 | 18.1
Armour         | 1 2 4 5 6 7 8 9 11 12 13 | 13.1
Dodging        | 4 6 7 8 10 11 12 14 15 16 | 16.6
Unarmed Combat | 5 7 8 9 10 11 12 14 15 16 | 16.9
Invocations    | 4 5 6 8 9 10 12 14 15 | 15.0
Stealth        | |  1.5

Action                   |  1- 3 |  4- 6 |  7- 9 | 10-12 || total
-------------------------+-------+-------+-------+-------++-------
Melee: Unarmed           |    31 |    14 |    54 |   149 ||   248
       Headbutt          |     4 |     2 |     7 |    37 ||    50
       Punch             |     1 |     1 |     4 |    15 ||    21
Invok: Upheaval          |       |       |    10 |     9 ||    19
       Disaster Area     |       |       |     1 |     2 ||     3
  Use: Potion            |     1 |       |     2 |    10 ||    13
       Scroll            |       |       |       |     1 ||     1
 Stab: Sleeping          |     1 |       |       |       ||     1
  Eat: Chunk             |       |       |     2 |     9 ||    11
Armor: Leather armour    |     1 |       |    13 |     4 ||    18
       Robe              |       |       |       |    14 ||    14
Dodge: Dodged            |    12 |     1 |    38 |   120 ||   171
       Deflected         |       |       |     2 |     1 ||     3
Block: Other             |     4 |       |    20 |    45 ||    69
